 Dungeon Crawl Stone Soup version 0.26.0-10-g1f06aea511 (webtiles) character file.

Game seed: 229968570313746832

365 roke1 the Covered (level 6, -5/55 HPs)
             Began as a Hill Orc Wanderer on Jan 14, 2021.
             Slain by Prince Ribbit (14 damage)
             ... on level 5 of the Dungeon.
             The game lasted 00:13:02 (5084 turns).

roke1 the Covered (Hill Orc Wanderer)               Turns: 5084, Time: 00:13:03

Health: -5/55      AC:  8    Str: 18    XL:     6   Next: 68%
Magic:  6/6        EV: 12    Int: 12    God:
Gold:   44         SH:  0    Dex: 15    Spells: 5/5 levels left

rFire    . . .     SeeInvis +   q - +0 hand axe
rCold    . . .     Faith    .   (no shield)
rNeg     . . .     Spirit   .   e - +0 ring mail
rPois    .         Reflect  .   i - +0 helmet (curse)
rElec    .         Harm     .   (no cloak)
rCorr    .         Rampage  .   k - +0 pair of gloves
Will     .....                  (no boots)
Stlth    +.........             (no amulet)
HPRegen  0.18/turn              h - +6 ring of dexterity
MPRegen  0.10/turn              r - ring of see invisible

@: no status effects
A: no striking features
a: no special abilities


You were on level 5 of the Dungeon.
You visited 1 branch of the dungeon, and saw 5 of its levels.

You collected 264 gold pieces.
You spent 220 gold pieces at shops.

Inventory:

Hand Weapons
 a - a +2 mace
 j - a +2 dagger of draining
 q - a +0 hand axe (weapon)
Armour
 e - a +0 ring mail (worn)
 i - a cursed +0 helmet (worn)
 k - a +0 pair of gloves (worn)
 n - the +1 leather armour of the World {rElec rN+, unknown}
   (You found it on level 5 of the Dungeon)

   It insulates you from electricity.
   It protects you from negative energy.
Jewellery
 h - a +6 ring of dexterity (left hand)
 r - a ring of see invisible (right hand)
 w - a +6 ring of intelligence
Scrolls
 b - 2 scrolls of teleportation
 m - a scroll of fear
 o - a scroll of blinking {unknown}
 t - a scroll of noise {unknown}
 u - a scroll of magic mapping {unknown}
 x - 2 scrolls of remove curse {unknown}
Potions
 c - 2 potions of curing
 d - 2 potions of flight
 f - a potion of might
 g - 3 potions of haste
 l - a potion of brilliance
 p - a potion of magic
 s - a potion of degeneration {unknown}
 v - 3 potions of heal wounds


   Skills:
 + Level 4.9 Fighting
 * Level 3.2(3.7) Axes
 - Level 2.1(2.8) Maces & Flails
 - Level 1.0 Bows
 - Level 1.0 Throwing
 + Level 5.1 Armour
 - Level 2.3 Dodging
 - Level 1.0 Stealth


You had 5 spell levels left.
You didn't know any spells.
Your spell library was empty.

Dungeon Overview and Level Annotations

Branches:
Dungeon (5/15)
 Temple: D:4-7

Altars:
Gozag
Xom

Shops:
D:5 !

Annotations:
D:3 3 runed translucent doors, Gingerlord's ghost, amateur GrFi
D:4 Sigmund
D:5 Prince Ribbit


Message History

Prince Ribbit is heavily wounded.
Prince Ribbit closely misses you.
You slash Prince Ribbit!
Prince Ribbit is severely wounded.
Prince Ribbit barely misses you. Prince Ribbit closely misses you.
You hit Prince Ribbit but do no damage.
Prince Ribbit is severely wounded.
Prince Ribbit hits you!
You slash Prince Ribbit!
Prince Ribbit is almost dead.
Prince Ribbit mumbles some strange words.
Prince Ribbit looks slightly unstable.
Prince Ribbit hits you!
You barely miss Prince Ribbit.
Prince Ribbit is almost dead.
Prince Ribbit barely misses you. Prince Ribbit hits you!
* * * LOW HITPOINT WARNING * * *
You completely miss Prince Ribbit.
Prince Ribbit is almost dead.
Prince Ribbit hits you!
You die...

#o## ### #..##### ....
##.....###...# #
###.........# #.
#...F....## #.#
#.###..#.##
#..#########...∩.....#
#.)......##.....[....#
#......F@#.........#..#
#..........#..........#
#..[.....#########.##.#
#........# ... ..
#........# ###. ..
#........# . ##########


You could see Prince Ribbit.

Vanquished Creatures
  A hound (D:3)
  A jelly (D:3)
  A bullfrog skeleton (D:4)
  An iguana (D:4)
  A worker ant (D:4)
  4 gnolls
  6 adders
  An ufetubus (D:4)
  2 oozes (D:1)
  4 worms
  2 dart slugs
  8 leopard geckos
  3 orcs
  9 bats
  8 giant cockroaches
  7 goblins
  6 hobgoblins
  10 jackals
  7 kobolds
  4 ball pythons
  5 frilled lizards
  14 rats
105 creatures vanquished.

Vanquished Creatures (others)
  A quokka (D:5)
1 creature vanquished.

Grand Total: 106 creatures vanquished

Notes
Turn   | Place    | Note
-------+----------+-------------------------------------------
     0 | D:1      | roke1 the Hill Orc Wanderer began the quest for the Orb.
     0 | D:1      | roke1 set off with the following items: a +2 mace, a scroll
                  | of teleportation, a potion of curing, a +0 robe
     0 | D:1      | Reached XP level 1. HP: 18/18 MP: 1/1
   159 | D:1      | Reached XP level 2. HP: 13/25 MP: 2/2
   507 | D:1      | You fall into a shaft and drop 1 floor!
   548 | D:2      | Reached skill level 1 in Dodging
   548 | D:2      | Reached XP level 3. HP: 21/31 MP: 3/3
  1107 | D:1      | Reached skill level 4 in Armour
  1500 | D:2      | Reached XP level 4. HP: 36/38 MP: 4/4
  1648 | D:2      | Found a faded altar of an unknown god.
  2568 | D:3      | Reached XP level 5. HP: 30/46 MP: 5/5
  2953 | D:3      | Found a runed translucent gate.
  3273 | D:3      | Found a runed translucent gate.
  3273 | D:3      | Found a runed translucent gate.
  3274 | D:3      | Found an opulent altar of Gozag.
  3275 | D:3      | Noticed Gingerlord's ghost (amateur GrFi)
  3300 | D:3      | Reached skill level 1 in Axes
  3737 | D:4      | Reached XP level 6. HP: 53/53 MP: 6/6
  3890 | D:4      | Found a shimmering altar of Xom.
  3922 | D:4      | Reached skill level 5 in Armour
  4138 | D:4      | Noticed Sigmund
  4447 | D:5      | Entered Level 5 of the Dungeon
  4450 | D:5      | Got an ichor-stained leather armour
  4455 | D:5      | Found Emanukh's Distillery.
  4463 | D:5      | Bought 2 potions of haste for 220 gold pieces
  4474 | D:5      | Noticed Prince Ribbit
  5084 | D:5      | Slain by Prince Ribbit

Illustrated notes

Levels and vault maps discovered:
D:1:      minmay_arrival_nine_rooms, layout_loops_ring
D:2:      layout_basic, chequers_ecumenical_altar_simple
D:3:      layout_basic, ebering_ghost_gozag, minmay_increasing_density
D:4:      layout_cave_pools, xom_redecorated, uniq_sigmund
D:5:      layout_rooms, basic_altar, serial_shops, shop, shop, shop, shop,
          portal_sewer_entry_a, elyvilon_altar_4, uniq_prince_ribbit1, uniq_ijyb

Skill      XL: |  1  2  3  4  5  6 |
---------------+-------------------+-----
Fighting       | 3 4 |  4.9
Dodging        | 1 2 |  2.3
Armour         | 4 5 |  5.1
Axes           | 1 3 |  3.2
Maces & Flails | |  2.1
Bows           | |  1.0
Throwing       | |  1.0
Stealth        | |  1.0

Action                   |  1- 3 |  4- 6 || total
-------------------------+-------+-------++-------
Melee: Mace              |   109 |   171 ||   280
       Hand axe          |       |   152 ||   152
  Use: Scroll            |       |     7 ||     7
Armor: Ring mail         |    62 |   152 ||   214
Dodge: Dodged            |    71 |   270 ||   341
